 Dungeon Crawl Stone Soup version 0.17-a0-1719-g1afd5a1 (webtiles) character file.

4526 George the Carver (level 10, -1/77 HPs)
             Began as a Minotaur Gladiator on Aug 28, 2015.
             Was an Elder of Okawaru.
             Slain by Erolcha
             ... wielding a +0 giant spiked club
              (22 damage)
             ... on level 8 of the Dungeon.
             The game lasted 00:19:12 (7972 turns).

George the Carver (Minotaur Gladiator)              Turns: 7972, Time: 00:19:12

Health: -1/77      AC: 10    Str: 25    XL:     10   Next: 17%
Magic:  0/18       EV: 13    Int:  5    God:    Okawaru [****..]
Gold:   464        SH:  0    Dex: 14    Spells: 0 memorised, 9 levels left

rFire  + . .     SeeInvis .     H - +3 great sword
rCold  + . .     Clarity  .     P - +0 chain mail {rF+}
rNeg   + . .     SustAt   .     (no shield)
rPois  .         Gourm    .     c - +0 hat
rElec  .         Spirit   +     (no cloak)
rCorr  .         Warding  .     (no gloves)
rMut   .         Stasis   .     (no boots)
MR     .....                    y - amulet of guardian spirit
Stlth  ..........               F - ring of positive energy
                                O - ring of protection from cold

@: mighty, lethally poisoned (-1 -> -8), heroism, very slightly contaminated,
slowed, very slow, not resistant to hostile enchantments, extremely unstealthy
A: retaliatory headbutt, horns 2, high mp 1
a: Heroism, Renounce Religion


You were on level 8 of the Dungeon.
You worshipped Okawaru.
Okawaru was greatly pleased with you.
You were hungry.

You visited 2 branches of the dungeon, and saw 9 of its levels.

You collected 464 gold pieces.

Inventory:

Hand weapons
 H - a +3 great sword (weapon)
 Q - a +2 long sword of holy wrath
Missiles
 d - 5 throwing nets
 g - 3 javelins (quivered)
 x - 8 tomahawks
 U - 2 javelins of penetration
Armour
 c - a +0 hat (worn)
 P - a +0 chain mail of fire resistance (worn)
Jewellery
 y - an amulet of guardian spirit (around neck)
 F - a ring of positive energy (right hand)
 O - a ring of protection from cold (left hand)
 Y - an uncursed ring of protection from fire
Magical devices
 X - a wand of random effects (26)
Scrolls
 o - 5 scrolls of recharging
 r - a scroll of teleportation
 w - 4 scrolls of magic mapping
 I - 2 scrolls of blinking
 N - a scroll of remove curse
 V - a scroll of fear
 Z - a scroll of identify
Potions
 m - a potion of haste
 n - 2 potions of curing
 s - a potion of flight
 u - 2 potions of invisibility
 v - a potion of heal wounds
 C - 2 potions of might
 L - a potion of berserk rage {unknown}
 M - 2 potions of agility {unknown}
 R - a potion of ambrosia {unknown}
 W - a potion of brilliance {unknown}
Comestibles
 e - 8 bread rations
 h - 5 meat rations
 J - 4 fruits
 K - a chunk of flesh
 S - 9 slices of pizza
 T - 3 beef jerkies


   Skills:
 + Level 3.5(8.5) Fighting
 + Level 12.7(17.7) Long Blades
 - Level 2.0(7.0) Throwing
 + Level 2.1(7.1) Armour
 + Level 4.0(9.0) Dodging
 - Level 9.8 Invocations


You had 9 spell levels left.
You didn't know any spells.

Dungeon Overview and Level Annotations

Branches:
Dungeon (8/15)             Temple (1/1) D:7
   Lair: D:8-11

Altars:
Ashenzari
Cheibriados
Dithmenos
Elyvilon
Fedhas
Gozag
Kikubaaqudgha
Makhleb
Nemelex Xobeh
Okawaru
Qazlal
Ru
Sif Muna
Trog
Vehumet
Xom
Zin
The Shining One

Shops:
D:4 :

Annotations:
D:8 Erolcha


Innate Abilities, Weirdness & Mutations

You reflexively headbutt those who attack you in melee.
You have a pair of horns on your head.
You have an increased reservoir of magic (+10% MP).


Message History

Drink which item? (? for menu, Esc to quit)
Okay, then.
Use which ability? (? or * to list)
You gain the combat prowess of a mighty hero.
You feel slightly more hungry.
You feel sick. Erolcha barely misses you.
You hear some strange, mumbled words.
Something tries to affect you, but you resist.
Something hits you but does no damage. Erolcha barely misses you.
You slash something!
You feel sick. Something hits you.
* * * LOW HITPOINT WARNING * * *
Erolcha closely misses you.
You slice something!! Okawaru is honoured by your kill.
Reactivating autopickup.
Your base Fighting skill increases to level 3!
Your base Armour skill gained 2 levels and is now at level 2!
Your base Dodging skill increases to level 4!
You feel a bit more experienced.
You feel sick.
Erolcha hits you with a giant spiked club!!
You die...

.............#
.............#
.............+ ..
.............#+ ...
............... ....
..)............ .....
.......)....... .....
......O@....... .....
............... #....
............... +....
............... #....
....###..........#.#....
.... #..(.......#.#....
... #..........+.#....
.# #..........#.+....
#..........#.#....


You could see Erolcha.

Vanquished Creatures
  Erica (D:8)
  The ghost of cmdexe the Covered, an experienced HuFi of Elyvilon (D:6)
  A yak (D:7)
  A hungry ghost (D:7)
  2 hogs (D:7)
  A human (D:7)
  Duvessa (D:7)
  An orc warrior (D:8)
  A phantom (D:8)
  3 ogres
  2 black bears (D:6)
  4 centaurs
  2 giant frogs
  Dowan (D:7)
  3 scorpions
  A water moccasin zombie (D:8)
  5 wights (D:4)
  3 crimson imps
  A giant frog skeleton (D:4)
  A jelly (D:5)
  6 orc priests
  A centaur zombie (D:6)
  A giant frog zombie (D:8)
  5 orc wizards
  2 iguanas
  9 worker ants
  A sheep (D:7)
  A hound skeleton (D:4)
  A worker ant zombie (D:5)
  7 gnolls
  9 adders
  3 oozes
  2 adder zombies
  5 worms
  An adder skeleton (D:6)
  6 giant geckos
  28 orcs
  A ball python (D:2)
  13 bats
  5 giant cockroaches
  9 goblins
  4 hobgoblins
  9 jackals
  5 quokkas
  A ball python skeleton (D:6)
  7 giant newts
  A jackal skeleton (D:6)
  10 kobolds
  6 rats
195 creatures vanquished.

Notes
Turn   | Place    | Note
--------------------------------------------------------------
     0 | D:1      | George the Minotaur Gladiator began the quest for the Orb.
     0 | D:1      | Reached XP level 1. HP: 18/18 MP: 0/0
   138 | D:1      | Reached skill level 4 in Long Blades
   274 | D:1      | Reached XP level 2. HP: 25/25 MP: 1/1
   648 | D:2      | Reached skill level 5 in Long Blades
   648 | D:2      | Reached XP level 3. HP: 19/30 MP: 2/2
   933 | D:2      | Found an iron altar of Okawaru.
   949 | D:2      | Became a worshipper of Warmaster Okawaru
  1398 | D:3      | Reached skill level 1 in Invocations
  1428 | D:3      | Reached XP level 4. HP: 37/37 MP: 3/3
  1637 | D:3      | Reached skill level 6 in Long Blades
  1896 | D:3      | Reached XP level 5. HP: 38/42 MP: 5/5
  2153 | D:3      | Acquired Okawaru's first power
  2392 | D:4      | Noticed an ogre
  2402 | D:4      | Killed an ogre
  2402 | D:4      | Reached XP level 6. HP: 29/50 MP: 4/7
  2556 | D:4      | Found Zoomp's Book Boutique.
  2575 | D:4      | Noticed an ogre
  2581 | D:4      | Killed an ogre
  2581 | D:4      | Reached skill level 7 in Long Blades
  2700 | D:4      | Reached XP level 7. HP: 10/56 MP: 1/9
  2758 | D:4      | Reached skill level 8 in Long Blades
  3049 | D:4      | Reached skill level 5 in Invocations
  3088 | D:4      | Lost intelligence.
  3128 | D:4      | Gained mutation: You have an increased reservoir of magic (+10% MP). [potion of beneficial mutation]
  3820 | D:5      | Entered Level 5 of the Dungeon
  3820 | D:5      | Found a sparkling altar of Nemelex Xobeh.
  4025 | D:5      | Reached skill level 9 in Long Blades
  4034 | D:5      | Reached XP level 8. HP: 58/62 MP: 10/12
  4298 | D:5      | Found a burning altar of Makhleb.
  4413 | D:6      | Noticed cmdexe's ghost (experienced HuFi)
  4426 | D:6      | Killed cmdexe's ghost
  4426 | D:6      | Reached skill level 10 in Long Blades
  4705 | D:6      | Identified a scroll of acquirement
  5322 | D:6      | Reached XP level 9. HP: 41/68 MP: 9/15
  5836 | D:7      | Found a sacrificial altar of Ru.
  5870 | D:7      | Received a gift from Okawaru
  5870 | D:7      | Reached skill level 11 in Long Blades
  6080 | D:7      | Found a blossoming altar of Fedhas.
  6700 | D:7      | Found a snail-covered altar of Cheibriados.
  6790 | D:7      | Noticed Duvessa
  6790 | D:7      | Noticed Dowan
  6801 | D:7      | Killed Duvessa
  6817 | D:7      | Killed Dowan
  7046 | D:7      | Reached skill level 12 in Long Blades
  7288 | D:7      | Found a staircase to the Ecumenical Temple.
  7297 | Temple   | Entered the Ecumenical Temple
  7915 | D:8      | Reached XP level 10. HP: 72/74 MP: 16/18
  7957 | D:8      | Noticed Erica
  7963 | D:8      | Noticed Erolcha
  7972 | D:8      | Killed Erica
  7972 | D:8      | Slain by Erolcha

Vault maps used:
D:1:      eino_arrival_water_cross
D:2:      lemuel_crystal_altar, kennysheep_pointless_box
D:3:      kennysheep_generic_room_5
D:4:      serial_shops, nicolae_shop_waterfront, first_bread,
          hangedman_decor_lopped
D:5:      bloody_makhleb, lemuel_crystal_altar
D:7:      fedhas_altar_1, nicolae_ru_great_annihilating_truth,
          cheibrodos_worm_habitat, minmay_temple_entry_poolview,
          grunt_livestock, uniq_duvessa
D:8:      lemuel_round_altar, uniq_erica, uniq_erolcha
Temple:   oiseaux_autumnal_temple_12

Action                   |  1- 3 |  4- 6 |  7- 9 | 10-12 || total
-------------------------+-------+-------+-------+-------++-------
Melee: Long sword        |   111 |   104 |     3 |       ||   218
       Great sword       |       |       |   292 |     8 ||   300
Throw: Javelin           |       |     3 |     9 |       ||    12
Invok: Heroism           |       |     1 |     1 |     1 ||     3
  Use: Potion            |       |     2 |     1 |     2 ||     5
       Scroll            |       |       |    20 |     1 ||    21
 Stab: Paralysed         |       |       |     1 |       ||     1
  Eat: Chunk             |     2 |     4 |    17 |       ||    23
       Fruit             |       |       |     4 |       ||     4
